AoeStats
← _Orca_

Black Forest

509969965Analyzed
2v2 RM · 2d ago on Sep 28, 2026· 63m 26s· 4 players
Game mode
Random Map
Map size
Medium (4 player)
Population
200
Speed
Normal
Resources
Standard
Victory
Conquest
Starting age
Dark Age
Ending age
Imperial Age
RankedLock teamsTeams togetherTeam positionsShared explorationLock speedFull tech treeHidden civsTurbo modeCheats
Victory
Defeat
🇧🇩 Saracens · Bangladesh
1308
+15
🇩🇪 Burmese · Germany
1302
+15
🇨🇦 Hindustanis · Canada
1306
-16
🇨🇦 Varangians · Canada
1254
-14
LMB. LouisLitt
1:05 Loom
12:53 Feudal Age
13:50 Double-Bit Axe
17:07 Castle Age
16:50 Stone Mining
18:32 Bow Saw
18:54 Scale Mail Armor
19:57 Squires
22:37 Arson
23:25 Chain Mail Armor
24:28 Fishing Lines
24:30 Horse Collar
24:45 Gold Mining
25:50 Wheelbarrow
25:28 Gillnets
26:26 Forging
26:22 Town Watch
31:23 Fortified Wall
31:29 Heavy Plow
34:02 Imperial Age
33:03 Iron Casting
33:22 Masonry
34:04 Hand Cart
34:12 Grand Trunk Road
34:35 Elite Ghulam
36:46 Blast Furnace
36:59 Conscription
38:22 Chemistry
39:14 Shatagni
43:44 Padded Archer Armor
44:52 Leather Archer Armor
46:09 Ring Archer Armor
46:33 Hoardings
46:43 Coinage
46:31 Shatagni
46:48 Thumb Ring
46:37 Fletching
49:09 Gold Shaft Mining
49:37 Two-Man Saw
49:57 Caravan
52:56 Siege Engineers
53:36 Bodkin Arrow
63:00 Scale Barding Armor
63:43 Husbandry
64:03 Bloodlines
LMB.TheDutchKing
1:09 Loom
15:53 Feudal Age
22:21 Castle Age
30:33 Fletching
34:21 Bodkin Arrow
37:28 Scale Mail Armor
37:38 Forging
44:21 Imperial Age
42:26 Wheelbarrow
43:29 Elite Skirmisher
44:08 Double-Bit Axe
46:10 Bow Saw
45:42 Horse Collar
46:56 Ballistics
47:16 Masonry
47:20 Fortified Wall
48:03 Padded Archer Armor
48:15 Town Watch
49:57 Heavy Plow
51:51 Bloodlines
51:41 Husbandry
51:25 Vendel Legacy
52:41 Gold Mining
52:41 Stone Mining
54:39 Chemistry
55:03 Hand Cart
54:51 Caravan
56:13 Crop Rotation
57:06 Two-Man Saw
57:10 Leather Archer Armor
56:55 Bracer
57:45 Coinage
57:35 Town Watch
58:38 Ring Archer Armor
58:14 Scale Barding Armor
58:19 Forging
58:39 Conscription
57:55 Cavalier
59:47 Guilds
59:36 Pikeman
60:17 Squires
62:32 Light Cavalry
Wanda Lismus
0:47 Loom
12:42 Feudal Age
13:38 Arson
14:40 Forging
13:54 Man-at-Arms
21:07 Scale Mail Armor
25:46 Castle Age
25:49 Long Swordsman
26:15 Gambesons
26:31 Squires
26:28 Gold Mining
28:52 Chain Mail Armor
33:03 Iron Casting
47:21 Gold Shaft Mining
46:36 Fishing Lines
52:17 Wheelbarrow
51:39 Horse Collar
55:50 Imperial Age
53:36 Hand Cart
53:29 Scale Barding Armor
53:52 Caravan
55:06 Chain Barding Armor
55:07 Bloodlines
54:58 Husbandry
55:17 Manipur Cavalry
57:05 Plate Barding Armor
57:32 Blast Furnace
55:54 Elite Battle Elephant
56:39 Howdah
56:59 Conscription
57:35 Light Cavalry
60:26 Hussar
_Orca_
0:47 Loom
11:55 Feudal Age
18:33 Castle Age
16:48 Fishing Lines
17:23 Double-Bit Axe
24:56 Wheelbarrow
31:05 Imperial Age
29:41 Scale Barding Armor
29:47 Forging
31:50 Chain Barding Armor
32:06 Iron Casting
32:07 Fletching
32:46 Hand Cart
32:16 Town Watch
34:28 Plate Barding Armor
34:23 Elite Mameluke
36:04 Conscription
37:45 Husbandry
39:18 Bloodlines
39:48 Fortified Wall
40:39 Chemistry
39:45 Siege Engineers
42:07 Blast Furnace
42:26 Coinage
41:57 Caravan
41:32 Capped Ram
43:40 Light Cavalry
45:32 Banking
45:18 Murder Holes
45:44 Ballistics
45:35 Masonry
46:00 Bodkin Arrow
46:08 Padded Archer Armor
47:21 Siege Ram
49:17 Onager
50:18 Counterweights
50:33 Gold Mining
50:34 Stone Mining
51:00 Bow Saw
51:56 Bimaristan
54:55 Gold Shaft Mining
60:13 Hussar
Connection lost

Rejoining the realm…

Still unreachable

The connection could not be restored.

Session expired

The server has moved on; the page needs a fresh start.